 Dungeon Crawl Stone Soup version 0.18.1-5-g4a78601 (webtiles) character file.

67860 Ingvold the Severer (level 15, -8/137 HPs)
             Began as a Hill Orc Fighter on May 11, 2016.
             Was a High Priest of Okawaru.
             Killed from afar by a shock serpent (27 damage)
             ... with a bolt of electricity
             ... on level 2 of the Snake Pit.
             The game lasted 01:40:09 (18505 turns).

Ingvold the Severer (Hill Orc Fighter)             Turns: 18505, Time: 01:40:09

Health: -8/137     AC: 24    Str: 28    XL:     15   Next: 24%
Magic:  21/21      EV:  8    Int:  6    God:    Okawaru [*****.]
Gold:   1657       SH: 18    Dex: 18    Spells: 0 memorised, 14 levels left

rFire  . . .     SeeInvis .     E - +9 hand axe "Saphego" {chop, +Rage rN+ Int-2 Dex+4}
rCold  . . .     Gourm    +     F - +3 plate armour {rPois}
rNeg   + . .     Faith    .     l - +3 shield
rPois  +         Spirit   .     u - +0 helmet
rElec  .         Dismiss  .     m - +0 cloak "Xeggoupo" {-Cast MR+++ Dex+4}
rCorr  .         Reflect  .     B - +0 pair of gloves
SustAt .         Harm     .     h - +0 pair of boots
MR     ++++.     NoCast   +     f - amulet of the gourmand
Stlth  ..........               (no ring)
                                S - ring of stealth

@: very slightly contaminated, incredibly resistant to hostile enchantments,
extremely unstealthy
A: strong 1
a: Heroism, Finesse, Renounce Religion, Evoke Berserk Rage


You were on level 2 of the Snake Pit.
You worshipped Okawaru.
Okawaru was extremely pleased with you.
You were completely stuffed.

You visited 4 branches of the dungeon, and saw 21 of its levels.

You collected 1657 gold pieces.

Inventory:

Hand Weapons
 b - a +2 hand axe of freezing
 E - the +9 hand axe "Saphego" (weapon) {chop, +Rage rN+ Int-2 Dex+4}
   (Okawaru gifted it to you on level 7 of the Lair of Beasts)

   It inflicts extra damage upon your enemies.
   It affects your intelligence (-2).
   It affects your dexterity (+4).
   It protects you from negative energy.
   It lets you go berserk.
 O - a +3 broad axe of venom
 P - the +5 flail "Ingvold's Peril" {flame, Stlth+}
   (You found it on level 1 of the Lair of Beasts)

   It has been specially enchanted to burn those struck by it, causing extra
   injury to most foes and up to half again as much damage against particularly
   susceptible opponents.
   It makes you more stealthy.
Armour
 h - a +0 pair of boots (worn)
 k - a +0 large shield
 l - a +3 shield (worn)
 m - the +0 cloak "Xeggoupo" (worn) {-Cast MR+++ Dex+4}
   (You found it on level 8 of the Dungeon)

   It affects your dexterity (+4).
   It affects your resistance to hostile enchantments.
   It prevents spellcasting.
 u - a +0 helmet (worn)
 B - a +0 pair of gloves (worn)
 D - a +2 crystal plate armour
 F - a +3 plate armour of poison resistance (worn)
 R - a +1 cloak of invisibility
Jewellery
 a - an uncursed amulet of rage
 f - an amulet of the gourmand (around neck)
 S - a ring of stealth (left hand)
Wands
 e - a wand of lightning (0/15)
 i - a wand of flame (0/48)
 J - a wand of acid (5/15)
 L - a wand of confusion (13/48)
Scrolls
 o - 2 scrolls of teleportation
 p - 6 scrolls of identify
 q - 4 scrolls of magic mapping
 v - 9 scrolls of remove curse
 w - 3 scrolls of fog
 y - 5 scrolls of enchant armour
 A - 2 scrolls of recharging
 G - 3 scrolls of blinking
 Q - a scroll of holy word
 T - a scroll of vulnerability {unknown}
Potions
 d - a potion of lignification
 g - 3 potions of flight
 j - 4 potions of berserk rage
 n - 3 potions of ambrosia
 r - 2 potions of invisibility
 t - 5 potions of curing
 C - a potion of cure mutation
 K - 2 potions of agility
 M - 4 potions of haste
 N - 3 potions of resistance
 V - a potion of brilliance
Miscellaneous
 I - a sack of spiders {used: 3}
Comestibles
 c - 15 meat rations
 s - 14 fruits
 x - 3 bread rations
 z - a slice of pizza
 H - 13 royal jellies


   Skills:
 * Level 13.8 Fighting
 * Level 16.8 Axes
 + Level 1.2(9.7) Maces & Flails
 * Level 12.0 Armour
 * Level 14.8 Shields
 - Level 8.0 Invocations
 * Level 7.9 Evocations


You had 14 spell levels left.
You didn't know any spells.

Dungeon Overview and Level Annotations

Branches:
Dungeon (9/15)             Temple (1/1) D:4            Lair (8/8) D:8
  Swamp (0/4) Lair:5        Snake (3/4) Lair:6        Slime (0/6) Lair:7
    Orc: D:9-12

Altars:
Ashenzari
Cheibriados
Dithmenos
Elyvilon
Fedhas
Makhleb
Okawaru
Pakellas
Qazlal
Sif Muna
Trog
Vehumet
Xom
Yredelemnul
Zin
The Shining One

Shops:
D:5 *   D:7 !

Annotations:
Lair:4 exclusion: oklob plant
Lair:6 exclusion: oklob plant
Snake:2 exclusion: oklob plant


Innate Abilities, Weirdness & Mutations

Your muscles are strong. (Str +2)


Message History

The shock serpent bites you! The shock serpent shocks you!
* * * LOW HITPOINT WARNING * * *
You slice the shock serpent!!
The shock serpent is severely wounded.
The shock serpent's electric aura discharges, shocking you!
* * * LOW HITPOINT WARNING * * *
The shock serpent shoots out a bolt of lightning at you!
The bolt of electricity hits you!
* * * LOW HITPOINT WARNING * * *
Drink which item? (? for menu, Esc to quit)
Okay, then.
Unknown command.
Read which item? (? for menu, Esc to quit)
Blink to where?
Press: ? - help, Dir - move target cursor You are very lightly contaminated with residual magic.
As you read the scroll of blinking, it crumbles to dust.
The shock serpent shoots out a bolt of lightning at you!
The bolt of electricity hits you!
You die...

#..# ##......###...# #...#
###..####....#...#..#.#
#...#
............###......##
#...# ........}..##
##....## #...#
..........## ##....##
#....# ###########
##....## #....## ##....##
#...###
############......###....#
...##..........#@..#......
..####<.......###......#
..# #........## ##S...##
### #.###..### ##....## #
#..# ##S...## ## P_P##..#
#....## .....P.
$.....N...## ......
..........## .....
........##


You could see a shock serpent.

Vanquished Creatures
  Kirke (Lair:8)
  Aizul (Snake:1)
  Maud (Lair:6)
  A dire elephant (Lair:5)
  4 hydras
  Erolcha (D:8)
  An ice dragon (Lair:6)
  4 naga warriors
  3 anacondas
  A catoblepas (Lair:5)
  Erica (D:8)
  A death yak (Lair:5)
  Urug (Lair:3)
  2 naga sharpshooters
  3 shock serpents (Snake:2)
  A fire crab (Lair:5)
  A salamander mystic (Snake:2)
  A naga ritualist (Snake:2)
  2 wolf spiders (Lair:8)
  3 salamanders (Snake:2)
  A griffon (Lair:7)
  A mana viper (Snake:2)
  A hornet (Lair:8)
  7 elephants (Lair:7)
  A guardian serpent (Lair:8)
  4 naga magi
  Maurice (D:8)
  20 black mambas
  5 rime drakes
  17 spiny frogs
  A torpor snail (Lair:4)
  7 komodo dragons
  10 polar bears
  Prince Ribbit (D:8)
  2 raiju (Lair:8)
  10 blink frogs
  2 slime creatures (Lair:7)
  A boulder beetle (Lair:7)
  A redback (Lair:8)
  17 yaks
  5 hippogriffs
  4 basilisks
  5 wyverns (Lair:8)
  3 hogs (Lair:8)
  Menkaure (D:5)
  19 nagas
  7 wargs (Lair:8)
  25 water moccasins
  6 hell hounds (Lair:8)
  7 porcupines
  13 black bears (Lair:8)
  2 orc warriors (D:8)
  4 ice beasts
  3 wasps (Lair:8)
  An ogre (D:7)
  A phantom (D:6)
  2 sky beasts
  2 centaurs
  13 wolves
  12 crocodiles
  2 big kobolds
  10 giant frogs
  2 scorpions
  4 electric eels (Lair:5)
  3 howler monkeys
  A lava snake (Lair:4)
  A crimson imp (D:5)
  17 hounds
  3 jellies
  8 orc priests
  A giant frog skeleton (D:8)
  8 iguanas
  An orc wizard (D:6)
  A centaur skeleton (D:8)
  Jessica (D:3)
  6 worker ants
  28 sheep
  2 hound skeletons
  Robin (D:2)
  A worker ant zombie (D:7)
  6 gnolls
  22 adders
  28 river rats
  A shadow imp (D:6)
  3 white imps (Lair:6)
  An ooze (D:5)
  2 worms
  4 dart slugs
  6 giant geckos
  22 orcs
  6 giant cockroaches
  25 goblins
  8 hobgoblins
  15 jackals
  3 quokkas (D:6)
  A ball python (D:5)
  15 bats
  5 giant newts
  A jackal skeleton (D:7)
  A jackal zombie (D:5)
  26 kobolds
  A quokka zombie (D:7)
  13 rats
  11 fungi
  14 plants
620 creatures vanquished.

Vanquished Creatures (others)
  A black mamba (Snake:3)
  A giant frog (Lair:7)
  16 fungi
  14 plants
  13 toadstools (Lair:5)
45 creatures vanquished.

Grand Total: 665 creatures vanquished

Notes
Turn   | Place    | Note
--------------------------------------------------------------
     0 | D:1      | Ingvold the Hill Orc Fighter began the quest for the Orb.
     0 | D:1      | Reached XP level 1. HP: 19/19 MP: 1/1
   167 | D:1      | Reached XP level 2. HP: 27/27 MP: 2/2
   339 | D:1      | Reached skill level 3 in Axes
   389 | D:1      | Reached XP level 3. HP: 29/33 MP: 3/3
   985 | D:2      | Noticed Robin
   991 | D:2      | Reached XP level 4. HP: 23/40 MP: 4/4
  1014 | D:2      | Killed Robin
  1315 | D:3      | Noticed Jessica
  1320 | D:3      | Killed Jessica
  1320 | D:3      | Reached skill level 4 in Axes
  1320 | D:3      | Reached XP level 5. HP: 47/47 MP: 5/5
  1452 | D:3      | Noticed a water moccasin
  1481 | D:3      | Killed a water moccasin
  1481 | D:3      | Reached skill level 5 in Fighting
  1481 | D:3      | Reached skill level 5 in Axes
  1481 | D:3      | Reached XP level 6. HP: 24/56 MP: 6/6
  1647 | D:3      | Found a glowing golden altar of the Shining One.
  1737 | D:4      | Found a staircase to the Ecumenical Temple.
  1745 | Temple   | Entered the Ecumenical Temple
  1757 | Temple   | Became a worshipper of Warmaster Okawaru
  2323 | D:4      | Reached skill level 5 in Armour
  2323 | D:4      | Reached skill level 5 in Shields
  2352 | D:5      | Entered Level 5 of the Dungeon
  2382 | D:5      | Reached XP level 7. HP: 61/61 MP: 7/7
  2586 | D:5      | Reached * piety under Okawaru
  2589 | D:5      | Noticed Menkaure
  2598 | D:5      | Killed Menkaure
  2598 | D:5      | Reached skill level 6 in Axes
  2598 | D:5      | Reached skill level 1 in Invocations
  3068 | D:5      | Reached XP level 8. HP: 69/70 MP: 9/9
  3096 | D:5      | HP: 3/70 [orc priest/nerve-wracking pain (14)]
  3553 | D:5      | Found Oploc's Serpentskin Sales.
  3557 | D:5      | Reached ** piety under Okawaru
  4081 | D:6      | Reached skill level 7 in Axes
  4897 | D:6      | Reached XP level 9. HP: 68/79 MP: 11/11
  5019 | D:7      | Reached skill level 8 in Axes
  5098 | D:7      | Found Pebb's Distillery.
  5131 | D:7      | Reached *** piety under Okawaru
  5181 | D:7      | Reached skill level 1 in Evocations
  5532 | D:8      | Noticed Prince Ribbit
  5545 | D:8      | Killed Prince Ribbit
  5547 | D:8      | Reached skill level 9 in Axes
  5715 | D:8      | Got a faintly glowing cloak
  5721 | D:8      | Identified the +0 cloak "Xeggoupo" {-Cast MR+++ Dex+4} (You found it on level 8 of the Dungeon)
  5762 | D:8      | Reached **** piety under Okawaru
  5768 | D:8      | Reached XP level 10. HP: 62/88 MP: 13/13
  5769 | D:8      | Noticed Maurice
  6360 | D:8      | Found a staircase to the Lair.
  6501 | D:8      | Killed Maurice
  6592 | D:8      | Noticed Erica
  6601 | D:8      | Killed Erica
  6601 | D:8      | Reached skill level 5 in Invocations
  6666 | D:8      | Noticed Erolcha
  6679 | D:8      | Killed Erolcha
  6679 | D:8      | Reached ***** piety under Okawaru
  6679 | D:8      | Reached skill level 10 in Axes
  7181 | Lair:1   | Entered Level 1 of the Lair of Beasts
  7200 | Lair:1   | Noticed an eight-headed hydra
  7276 | Lair:2   | Gained mutation: Your muscles are strong. (Str +2) [potion of beneficial mutation]
  7985 | Lair:2   | Noticed a black mamba
  7994 | Lair:2   | Killed a black mamba
  8005 | Lair:2   | Reached skill level 10 in Shields
  8024 | Lair:2   | Reached XP level 11. HP: 63/97 MP: 15/15
  8145 | Lair:2   | Reached skill level 11 in Axes
  8152 | Lair:2   | Received a gift from Okawaru
  8692 | Lair:1   | Got a translucent flail
  8693 | Lair:1   | Identified the +5 flail "Ingvold's Peril" {flame, Stlth+} (You found it on level 1 of the Lair of Beasts)
  9034 | Lair:1   | Killed an eight-headed hydra
  9343 | Lair:3   | Noticed Urug
  9355 | Lair:3   | Killed Urug
  9914 | Lair:4   | Reached skill level 10 in Fighting
 10202 | Lair:4   | Received a gift from Okawaru
 10216 | Lair:4   | Found a blossoming altar of Fedhas.
 10227 | Lair:4   | Noticed an oklob plant
 10275 | Lair:4   | Reached skill level 12 in Axes
 10275 | Lair:4   | Reached XP level 12. HP: 63/107 MP: 17/17
 11147 | Lair:5   | Found a staircase to the Swamp.
 11818 | Lair:5   | Noticed a death yak
 11830 | Lair:5   | Killed a death yak
 12239 | Lair:5   | Noticed a dire elephant
 12239 | Lair:5   | Noticed a catoblepas
 12262 | Lair:5   | Killed a dire elephant
 12262 | Lair:5   | Reached skill level 5 in Evocations
 12269 | Lair:5   | Killed a catoblepas
 12321 | Lair:5   | Noticed a six-headed hydra
 12330 | Lair:5   | Killed a six-headed hydra
 12330 | Lair:5   | Reached skill level 13 in Axes
 12472 | Lair:6   | Reached skill level 1 in Maces & Flails
 12546 | Lair:6   | Noticed Maud
 12573 | Lair:6   | Killed Maud
 12573 | Lair:6   | Reached ****** piety under Okawaru
 12617 | Lair:6   | Found a staircase to the Snake Pit.
 12699 | Lair:6   | Reached XP level 13. HP: 105/117 MP: 18/18
 12850 | Lair:6   | Noticed an ice dragon
 12866 | Lair:6   | Killed an ice dragon
 12866 | Lair:6   | Received a gift from Okawaru
 13245 | Lair:7   | Reached skill level 10 in Armour
 13363 | Lair:7   | Reached skill level 14 in Axes
 13460 | Lair:7   | Received a gift from Okawaru
 13520 | Lair:7   | Got a faintly glowing hand axe {god gift}
 13521 | Lair:7   | Identified the +9 hand axe "Saphego" {chop, +Rage rN+ Int-2 Dex+4} (Okawaru gifted it to you on level 7 of the Lair of Beasts)
 14027 | Lair:7   | Found a staircase to the Slime Pits.
 14419 | Lair:8   | Entered Level 8 of the Lair of Beasts
 14680 | Lair:8   | Received a gift from Okawaru
 14694 | Lair:8   | Reached skill level 15 in Axes
 14742 | Lair:8   | Reached XP level 14. HP: 57/127 MP: 12/20
 15195 | Lair:8   | Noticed Kirke
 15205 | Lair:8   | Killed Kirke
 15705 | Lair:8   | Reached skill level 16 in Axes
 15882 | Snake:1  | Entered Level 1 of the Snake Pit
 15938 | Snake:1  | Noticed Aizul
 15960 | Snake:1  | Killed Aizul
 15960 | Snake:1  | Received a gift from Okawaru
 16557 | Snake:1  | Received a gift from Okawaru
 17203 | Snake:2  | Found a white marble altar of Elyvilon.
 17630 | Snake:2  | Reached XP level 15. HP: 136/136 MP: 21/21
 17647 | Snake:2  | You fall through a shaft!
 18505 | Snake:2  | Killed from afar by a shock serpent

Skill      XL: |  1  2  3  4  5  6  7  8  9 10 11 12 13 14 15 |
---------------+----------------------------------------------+-----
Fighting       | 4 5 6 7 8 9 10 11 12 13 | 13.8
Axes           | 3 4 5 6 7 9 10 12 13 15 16 | 16.8
Armour         | 4 5 6 7 8 9 10 11 12 | 12.0
Shields        | 4 5 6 8 10 11 12 13 14 | 14.8
Invocations    | 1 3 4 5 7 8 |  8.0
Evocations     | 2 3 4 5 6 7 |  7.9
Maces & Flails | 1 |  1.2

Action                   |  1- 3 |  4- 6 |  7- 9 | 10-12 | 13-15 || total
-------------------------+-------+-------+-------+-------+-------++-------
Melee: War axe           |    85 |   139 |   503 |   237 |       ||   964
       Broad axe         |       |       |       |   310 |   140 ||   450
       Flail             |       |       |       |    19 |    17 ||    36
       Hand axe          |       |       |       |       |   753 ||   753
Invok: Heroism           |       |       |     1 |    12 |     9 ||    22
       Finesse           |       |       |       |     2 |     5 ||     7
Evoke: Wand              |       |       |       |    17 |     3 ||    20
       Sack of spiders   |       |       |       |     4 |       ||     4
  Use: Scroll            |       |    10 |     4 |    12 |     2 ||    28
       Potion            |       |     2 |     6 |     4 |     3 ||    15
 Stab: Petrified         |       |       |       |     2 |       ||     2
  Eat: Chunk             |       |     5 |    13 |    39 |    20 ||    77
       Fruit             |       |       |       |     1 |       ||     1
Armor: Scale mail        |    32 |    72 |    25 |       |       ||   129
       Chain mail        |       |       |    50 |       |       ||    50
       Plate armour      |       |       |   122 |   186 |   231 ||   539
       Crystal plate arm |       |       |       |       |    92 ||    92
Dodge: Dodged            |    27 |    38 |    78 |    78 |   145 ||   366
Block: Shield            |    57 |    95 |   370 |   397 |   630 ||  1549
